Cogmind - Beta 16.1 @@@ ROGUE MODE // 2026.03.10 @ 21:48:41 Player: CometVoid Result: Destroyed by P-60 Hacker with Shock Rifle Performance ------------- Evolutions (2) 1000 Regions Visited (7) 1400 Robots Destroyed (108) 540 Value Destroyed (3571) 3571 Prototype IDs (1) 20 Alien Tech Used (0) 0 Bonus (900) 900 TOTAL SCORE: 7431 Bonus ------- Entered Garrisons 400 Used RIF Installer 500 Cogmind --------- Core Integrity 0/550 Matter 187/300 Energy 68/100 System Corruption 12% Temperature Cool (0) Movement Core (1450) Ox28 Location -8/Garrison Parts ------- > --- POWER (2) -------- (None) > --- PROPULSION (3) --- (None) > --- UTILITY (4) ------ Improved Heat Sink Huge Storage Unit Relay Coupler [Duelist] (23) > --- WEAPON (2) ------- Beam Rifle Datajack > --- INVENTORY (25) --- Light Nuclear Core Gravmag System Gravmag System Gravmag System Gravmag System Cooled Airjet Xenon Bombardment Thruster Improved Cooling System Advanced Weight Redist. System Improved Sensor Array Improved Signal Interpreter Reaction Control System Hacking Suite Relay Coupler [NC] (21) Relay Coupler [Swarmer] (28) Relay Coupler [Sentry] (21) Relay Coupler [Specialist] (17) Rocket Launcher Mining Laser Plasma Cutter Peak State ------------ > --- POWER ------------ Nuclear Core Light Nuclear Core > --- PROPULSION ------- Airjet Airjet Gravmag System > --- UTILITY ---------- Huge Storage Unit Advanced Weight Redist. System Improved Sensor Array Improved Signal Interpreter > --- WEAPON ----------- Assault Cannon Plasma Cutter > --- INVENTORY -------- Improved Hover Unit Xenon Bombardment Thruster Xenon Bombardment Thruster Xenon Bombardment Thruster Xenon Bombardment Thruster Improved Heat Sink Improved Cooling System Improved Sensor Array Improved Signal Interpreter Improved Salvage Targeting Computer Reactive Plating Reflective Plating Hacking Suite Hacking Suite Relay Coupler [NC] Relay Coupler [Sentry] Relay Coupler [Specialist] Particle Cannon Light Assault Rifle Heavy Assault Rifle Heavy Assault Rifle Assault Cannon Rocket Launcher Datajack Mining Laser [Rating: 38] Favorites ----------- Power Nuclear Core Engine Improved Ion Engine Power Core Nuclear Core Propulsion Wheel Treads Light Treads Leg Aluminum Leg Wheel Wheel Hover Unit Airjet Utility Huge Storage Unit Device Improved Sensor Array Storage Huge Storage Unit Processor Improved Signal Interpreter Hackware Hacking Suite Protection Reflective Plating Weapon Heavy Assault Rifle Energy Gun Small Laser Energy Cannon Particle Cannon Ballistic Gun Heavy Assault Rifle Ballistic Cannon Assault Cannon Launcher Rocket Launcher Special Weapon Mining Laser Impact Weapon Great Maul Special Melee Weapon Datajack Build | -11 -10 -9 -8 -8 -8 -8 -8 ------- Run | Yrd Mat Mat Mat Gar Mat Sto Gar Slots Evolved 4 | . . 2 2 . . . . Power 1 | . . . 1 . . . . Propulsion 1 | . . . 1 . . . . Utility 2 | . . 2 . . . . . Weapon . | . . . . . . . . Parts Attached 92 | 9 14 18 16 10 16 1 8 Power 15 | 1 1 2 5 2 4 . . Engine 8 | 1 1 2 2 . 2 . . Core 7 | . . . 3 2 2 . . Reactor . | . . . . . . . . Propulsion 27 | 2 6 4 4 4 7 . . Treads 3 | . 2 1 . . . . . Leg 3 | 2 1 . . . . . . Wheel 13 | . 3 3 4 . 3 . . Hover 8 | . . . . 4 4 . . Flight . | . . . . . . . . Utility 21 | 3 2 6 2 2 3 . 3 Device 8 | 2 1 1 1 . 2 . 1 Storage 2 | 1 1 . . . . . . Processor 2 | . . 1 1 . . . . Hackware 3 | . . 1 . . 1 . 1 Protection 6 | . . 3 . 2 . . 1 Artifact . | . . . . . . . . Weapon 29 | 3 5 6 5 2 2 1 5 Energy Gun 9 | 1 4 2 . . . . 2 Energy Cannon 1 | . . 1 . . . . . Ballistic Gun 8 | 1 . 3 1 . 2 1 . Ballistic Cannon 2 | . . . 1 1 . . . Launcher 4 | . 1 . 2 . . . 1 Special Weapon 2 | 1 . . . 1 . . . Impact Weapon 1 | . . . 1 . . . . Slashing Weapon . | . . . . . . . . Piercing Weapon . | . . . . . . . . Special Melee Weapon 2 | . . . . . . . 2 Unidentified Prototypes 1 | . . . . . 1 . . Parts Lost 44 | . 4 7 5 9 7 1 11 Power 9 | . 1 . 2 3 1 . 2 Propulsion 13 | . 1 2 1 4 3 . 2 Utility 8 | . 1 2 . 1 1 . 3 Weapon 14 | . 1 3 2 1 2 1 4 Highest Loss Streak 10 | . 2 2 2 5 6 1 10 To Critical Strikes . | . . . . . . . . Average Backups 23 | 5 16 24 24 23 24 24 24 Power 1 | . 1 1 1 . 1 1 1 Propulsion 8 | 3 8 13 11 5 5 6 6 Utility 7 | . 2 3 7 9 10 9 10 Weapon 5 | 1 3 5 4 6 5 4 4 Tool/Special . | . . . . . . . . Unused Backups 51 | . 5 9 14 3 7 . 13 Power 4 | . . 1 1 . 1 . 1 Propulsion 22 | . 4 3 9 . 3 . 3 Utility 16 | . 1 . 4 1 1 . 9 Weapon 8 | . . 4 . 2 2 . . Tool/Special 1 | . . 1 . . . . . Average Slot Usage (%) 93 | . 96 95 98 90 92 89 85 Engine 7 | . 14 11 6 2 3 9 8 Core 6 | . . . 10 8 11 9 9 Leg 1 | . 10 . . . . . . Wheel 15 | . 14 21 26 5 10 18 16 Hover 7 | . . . . 19 14 . . Device 6 | . 3 5 8 1 12 9 7 Storage 10 | . 20 11 9 9 9 9 9 Processor 8 | . . 11 9 9 9 9 9 Hackware 4 | . . 5 9 1 3 9 1 Protection 5 | . . 7 . 14 . . 8 Energy Gun 3 | . 17 5 . . . . 6 Energy Cannon 1 | . . . 7 . . . . Ballistic Gun 7 | . 4 15 9 . 9 14 8 Ballistic Cannon 3 | . . . . 9 5 . . Launcher 1 | . 5 . . 2 . . . Special Weapon 2 | . 1 . . 6 2 3 . Peak Build Rating 38 | 9 9 19 30 33 38 30 32 Average Rating 24 | 5 8 15 27 31 32 29 29 On Entrance 20 | . 9 9 19 30 33 30 30 Avg Prop Armor Cover (%) 5 | . 12 . . . 5 . . Naked Turns . | . . . . . . . . Heaviest Build 117 | 13 94 101 102 110 103 103 117 Greatest Support 40 | 20 40 22 38 32 38 22 22 Greatest Overweight (x) 11 | . 9 9 4 10 4 4 11 Average Overweight (x) 3 | . 2 4 2 3 2 4 5 Largest Inventory Capacity 25 | 8 25 25 25 25 25 25 25 Average Capacity 23 | 7 18 25 25 25 25 25 25 Most Carried 25 | 8 25 25 25 25 25 25 25 Average Carried 23 | 5 16 24 24 23 24 24 24 Final Capacity 25 | 8 25 25 25 25 25 25 25 Final Carried 25 | 8 25 25 25 25 25 25 20 Class Distribution -------------------- 54% | Mutant 43% | Scavenger-Mutant Dominant Class ---------------- Mutant | -10/Materials Scavenger-Mutant | -9/Materials Scavenger-Mutant | -8/Materials Mutant | -8/Garrison Mutant | -8/Materials Mutant | -8/Storage Bothacker-Mutant | -8/Garrison Resources | -11 -10 -9 -8 -8 -8 -8 -8 ----------- Run | Yrd Mat Mat Mat Gar Mat Sto Gar Matter Collected 2610 | 304 173 549 399 267 650 134 134 Remotely . | . . . . . . . . Salvage Created 3786 | 87 488 1101 748 250 684 185 243 Parts 237 | 9 40 73 48 18 33 8 8 Haulers Intercepted 4 | . 1 . 3 . . . . Recyclers Shooed 11 | 1 2 2 1 . 5 . . Parts Field Recycled . | . . . . . . . . Retrieved Matter . | . . . . . . . . Parts Self-Destructed . | . . . . . . . . Prevented . | . . . . . . . . Parts Restored . | . . . . . . . . Kills | -11 -10 -9 -8 -8 -8 -8 -8 ------- Run | Yrd Mat Mat Mat Gar Mat Sto Gar Combat Hostiles Destroyed 77 | . 12 19 13 15 9 3 6 Guns 46 | . 11 19 3 . 7 3 3 Cannons 12 | . . . 7 3 2 . . AOE 18 | . 1 . 2 12 . . 3 Classes Destroyed 14 | 2 6 2 1 2 1 . . Worker 6 | . 1 2 2 . 1 . . Builder 4 | . 2 1 1 . . . . Tunneler 2 | 1 . . 1 . . . . Hauler 4 | . 1 . 3 . . . . Recycler 7 | 1 1 2 1 . 2 . . Mechanic 1 | . . . 1 . . . . Operator 4 | . . 2 1 . 1 . . Watcher 3 | . 1 1 . . . 1 . Swarmer 14 | . 6 . 4 4 . . . Grunt 45 | . 6 14 6 7 5 2 5 Brawler 2 | . . . . . 1 . 1 Duelist 1 | . . . . 1 . . . Sentry 12 | . . 5 3 . 3 1 . Programmer 3 | . . . . 3 . . . Best Kill Streak 11 | 1 6 4 11 9 2 1 3 Combat Bots Only 9 | . 4 3 3 9 2 1 3 Max Kills in Single Turn 4 | 1 2 2 3 4 1 1 2 Gunslinging . | . . . . . . . . Exploded 4 | . 1 . 2 4 . . 2 Melee . | . . . . . . . . Uniques/NPCs Destroyed . | . . . . . . . . Combat | -11 -10 -9 -8 -8 -8 -8 -8 -------- Run | Yrd Mat Mat Mat Gar Mat Sto Gar Hostile Shots Fired 474 | . 87 86 77 59 80 26 59 Missed 119 | . 25 25 17 10 20 7 15 Hits 355 | . 62 61 60 49 60 19 44 Melee 7 | . . . . 2 . . 5 Projectile 348 | . 62 61 60 47 60 19 39 Critical Strikes 13 | . . 1 5 3 2 . 2 Damage Taken 5168 | . 691 801 830 878 927 289 752 Core 801 | . 161 85 140 83 156 61 115 Absorbed by Shields 27 | . . . . 27 . . . Ignored by Resistances 17 | . . . . 12 . . 5 Regen/Repaired (Parts) 94 | . . . 94 . . . . Core Remaining (%) 71 | 100 35 78 . . . . . Volleys Fired 343 | 14 71 80 48 37 56 26 11 Largest 2 | 2 2 2 2 2 2 2 2 Hottest 137 | 120 100 123 123 100 137 123 102 Shots Fired 594 | 15 107 160 86 56 104 45 21 Gun 458 | 14 104 156 49 . 79 37 19 Cannon 79 | . . 3 30 23 23 . . Launcher 22 | . . . 5 15 . . 2 Special 35 | 1 3 1 2 18 2 8 . Kinetic 365 | 14 23 118 49 23 92 37 9 Thermal 185 | 1 62 42 32 18 12 8 10 Explosive 22 | . . . 5 15 . . 2 Electromagnetic 22 | . 22 . . . . . . Robot Hit Streak 11 | 4 10 10 9 11 8 9 11 Robot Miss Streak 5 | 3 4 5 5 3 3 2 3 Penetration Max . | . . . . . . . . Secondary Targets 2 | . 2 . . . . . . Max Gunslinging Chain 1 | . 1 . . . . . . Shots Hit Robots 363 | 7 70 100 53 28 64 25 16 Core Hits 174 | 4 29 39 29 23 26 9 15 Critical Kills . | . . . . . . . . Critical Parts Destroyed 1 | . . . 1 . . . . Critical Strikes 6 | . . 3 1 1 . . 1 Burn 4 | . . 3 . . . . 1 Blast 1 | . . . . 1 . . . Smash 1 | . . . 1 . . . . Melee Attacks 8 | . . . 7 . . . 1 Impact 7 | . . . 7 . . . . Slashing . | . . . . . . . . Piercing . | . . . . . . . . Sneak Attacks . | . . . . . . . . Combat Hostiles . | . . . . . . . . Follow-up Attacks . | . . . . . . . . Damage Inflicted 7705 | 64 928 1539 1604 1536 1039 394 601 Guns 4092 | 64 726 1498 381 . 773 394 256 Cannons 1101 | . . 41 395 423 242 . . Explosions 2307 | . 178 . 671 1113 . . 345 Melee 157 | . . . 157 . . . . Ramming . | . . . . . . . . Kinetic 3565 | 64 159 1114 381 423 892 394 138 Thermal 1604 | . 519 425 395 . 147 . 118 Explosive 2261 | . 132 . 671 1113 . . 345 Electromagnetic 118 | . 118 . . . . . . Impact 157 | . . . 157 . . . . Slashing . | . . . . . . . . Piercing . | . . . . . . . . Highest Corruption 11 | . . . 2 3 3 3 11 Average Corruption 2 | . . . 2 2 3 3 3 Corruption Purged . | . . . . . . . . Corruption Blocked . | . . . . . . . . Effects 52 | . . . . 19 25 4 4 Message Errors 14 | . . . . 7 6 . 1 Matter Fused 11 | . . . . 4 3 3 1 Heat Flow Errors 7 | . . . . 2 4 . 1 Energy Discharges 7 | . . . . 1 5 1 . Parts Rejected 1 | . . . . . . . 1 Data Loss (minor) 9 | . . . . 3 6 . . Data Loss (major) 1 | . . . . 1 . . . Misfires 2 | . . . . 1 1 . . Overload Shots . | . . . . . . . . Overflow Damage 114 | . 7 . 66 41 . . . Projectiles 21 | . . . . 21 . . . Explosions 66 | . 7 . 39 20 . . . Melee 27 | . . . 27 . . . . Knockbacks 3 | . . . . 2 1 . . Impact . | . . . . . . . . Kinetic 2 | . . . . 1 1 . . Secondary 1 | . . . . 1 . . . Self-Inflicted Damage 229 | . 35 . . 132 . . 62 Shots 7 | . 1 . . 5 . . 1 Rammed . | . . . . . . . . Targets Rammed . | . . . . . . . . Kicked . | . . . . . . . . Crushed . | . . . . . . . . Highest Temperature 317 | 40 169 101 317 280 258 66 269 Average Temperature 69 | 25 65 26 87 96 74 20 59 Received Heat Transfer 1959 | . 270 321 396 225 396 135 216 Effects 8 | . . . 4 4 . . . Energy Bleed 5 | . . . 3 2 . . . Interference 3 | . . . 1 2 . . . Siege Activations . | . . . . . . . . Martial Activations . | . . . . . . . . Shielding Activations . | . . . . . . . . Robots Disrupted . | . . . . . . . . Combat Hostiles . | . . . . . . . . Robots Corrupted 1 | . . . 1 . . . . Combat Hostiles 1 | . . . 1 . . . . Parts Fried . | . . . . . . . . Impact Corruptions 1 | . . . 1 . . . . Robots Melted . | . . . . . . . . Combat Hostiles . | . . . . . . . . Parts Melted 5 | . 3 2 . . . . . Heat Transferred 3693 | . 1125 1260 703 . 272 . 333 Parts Sabotaged . | . . . . . . . . Parts Stolen . | . . . . . . . . Parts Stripped . | . . . . . . . . Power Chain Reactions 1 | . 1 . . . . . . Alert | -11 -10 -9 -8 -8 -8 -8 -8 ------- Run | Yrd Mat Mat Mat Gar Mat Sto Gar Maximum Alert Level 2 | . . 1 . 2 1 . . Low Security (%) 73 | 100 100 88 100 9 75 100 100 Level 1 14 | . . 11 . 36 24 . . Level 2 11 | . . . . 54 . . . Level 3 . | . . . . . . . . Level 4 . | . . . . . . . . Level 5 . | . . . . . . . . High Security . | . . . . . . . . Max Security . | . . . . . . . . Peak Influence 564 | 5 158 220 187 564 274 41 160 Initial 274 | . . 39 82 68 274 24 20 Average 152 | . 96 62 84 373 148 12 89 Influence Increases 2624 | 10 435 556 426 586 313 108 190 Destroy 0b10 Robot/C 1540 | . 240 380 260 300 180 60 120 Destroy 0b10 Robot/NC 155 | 10 30 40 50 . 20 5 . Destroy Leader 314 | . 64 112 46 10 60 22 . Successful Hack 18 | . 7 6 5 . . . . Disable Machine 150 | . 60 15 30 . 45 . . Anti-Garrison Action 200 | . . . . 150 . . 50 Destroy Structure 217 | . 34 3 20 126 8 6 20 Lose Combat Pursuer 30 | . . . 15 . . 15 . Influence Decreases 2524 | 10 342 453 517 127 818 136 121 Entered New Map 541 | . . 54 114 37 290 35 11 Time Decay 1594 | 10 302 350 373 . 458 101 . Lost Part 389 | . 40 49 30 90 70 . 110 Squads Dispatched 14 | . 4 6 1 . 2 1 . Investigation 8 | . 3 4 . . 1 . . Extermination . | . . . . . . . . Reinforcement 5 | . 1 2 1 . 1 . . Assault . | . . . . . . . . Garrison 1 | . . . . . . 1 . Intercept . | . . . . . . . . Searches Triggered . | . . . . . . . . Construction Impeded 2 | . . 1 1 . . . . Haulers Reinforced . | . . . . . . . . Active Scanning Responses . | . . . . . . . . Cargo Convoy Interrupts . | . . . . . . . . Stealth | -11 -10 -9 -8 -8 -8 -8 -8 --------- Run | Yrd Mat Mat Mat Gar Mat Sto Gar Distress Signals 6 | . 1 3 2 . . . . Communications Jammed . | . . . . . . . . Distress Signals . | . . . . . . . . Times Spotted 111 | . 24 26 20 15 10 5 11 Peak Tracking Total 7 | . 5 4 4 7 4 2 6 Tactical Retreats 2 | . . . 1 . . 1 . Traps | -11 -10 -9 -8 -8 -8 -8 -8 ------- Run | Yrd Mat Mat Mat Gar Mat Sto Gar Traps Triggered 7 | . 2 . 1 3 1 . . Indirectly . | . . . . . . . . Trap Hack Attempts . | . . . . . . . . Triggered . | . . . . . . . . Disarmed . | . . . . . . . . Reprogrammed . | . . . . . . . . Reused . | . . . . . . . . Traps Extracted . | . . . . . . . . Installed . | . . . . . . . . Triggered . | . . . . . . . . Machines | -11 -10 -9 -8 -8 -8 -8 -8 ---------- Run | Yrd Mat Mat Mat Gar Mat Sto Gar Machines Disabled 12 | . 4 1 2 1 3 . 1 Max in Single Turn 1 | . 1 1 1 1 1 . 1 Garrison Relay 2 | . . . . 1 . . 1 Machines Repaired . | . . . . . . . . Machines Dismantled 4 | . . . . 1 2 . 1 Machines Sabotaged . | . . . . . . . . Overloaded Fab Kills . | . . . . . . . . Hacking | -11 -10 -9 -8 -8 -8 -8 -8 --------- Run | Yrd Mat Mat Mat Gar Mat Sto Gar Machines Accessed 15 | . 2 5 4 1 2 1 . Terminals 9 | . 2 4 1 1 1 . . Fabricators . | . . . . . . . . Repair Stations 1 | . . . 1 . . . . Recycling Units 3 | . . 1 1 . 1 . . Scanalyzers . | . . . . . . . . Garrison Access 2 | . . . 1 . . 1 . Total Hacks 40 | . 8 16 8 1 5 2 . Successful 25 | . 4 9 6 1 3 2 . Failed 14 | . 3 7 2 . 2 . . Catastrophic . | . . . . . . . . Database Lockouts 1 | . 1 . . . . . . Manual 21 | . 9 9 3 . . . . Terminals 28 | . 8 14 3 1 2 . . Fabricators . | . . . . . . . . Repair Stations 3 | . . . 3 . . . . Recycling Units 6 | . . 2 1 . 3 . . Scanalyzers . | . . . . . . . . Garrison Access 3 | . . . 1 . . 2 . Terminal Hacks 12 | . 3 7 1 1 . . . Record 4 | . 1 3 . . . . . Part Schematic 2 | . 1 1 . . . . . Emergency Access Points 1 | . . . . 1 . . . Terminal Index 3 | . 1 1 1 . . . . Alert Level 2 | . . 2 . . . . . Fabricator Hacks . | . . . . . . . . Repair Station Hacks 3 | . . . 3 . . . . Scan Component 2 | . . . 2 . . . . Repair 1 | . . . 1 . . . . Recycling Unit Hacks 6 | . . 2 1 . 3 . . Process 1 | . . . . . 1 . . Report Inventory 3 | . . 1 1 . 1 . . Retrieve Matter 1 | . . . . . 1 . . Retrieve Components 1 | . . 1 . . . . . Scanalyzer . | . . . . . . . . Garrison Access Hacks 3 | . . . 1 . . 2 . Unlock Access 2 | . . . 1 . . 1 . Coupler Status 1 | . . . . . . 1 . Unauthorized Hacks 1 | . 1 . . . . . . Terminals 1 | . 1 . . . . . . Botnet 1 | . 1 . . . . . . Fabricators . | . . . . . . . . Repair Stations . | . . . . . . . . Recycling Units . | . . . . . . . . Scanalyzers . | . . . . . . . . Garrison Access . | . . . . . . . . Data Cores Recovered 2 | . . 1 1 . . . . Used 1 | . . 1 . . . . . Hacking Detections 13 | . 2 5 4 . 1 1 . Full Trace Events 7 | . 2 4 1 . . . . Feedback Events . | . . . . . . . . Feedback Blocked . | . . . . . . . . Robot Schematics Acquired . | . . . . . . . . Robots Built . | . . . . . . . . Authchips . | . . . . . . . . Time . | . . . . . . . . Total Robot Build Rating . | . . . . . . . . Part Schematics Acquired 2 | . 1 1 . . . . . Parts Built . | . . . . . . . . Authchips . | . . . . . . . . Time . | . . . . . . . . Total Part Build Rating . | . . . . . . . . Part Studies Acquired . | . . . . . . . . Parts Repaired 1 | . . . 1 . . . . Time 32 | . . . 32 . . . . Parts Recycled . | . . . . . . . . Recycled Matter 81 | . . . . . 81 . . Retrieved Matter 81 | . . . . . 81 . . Retrieved Components 9 | . . 9 . . . . . Parts Scanalyzed . | . . . . . . . . Part Schematics Acquired . | . . . . . . . . Parts Damaged . | . . . . . . . . Bothacking | -11 -10 -9 -8 -8 -8 -8 -8 ------------ Run | Yrd Mat Mat Mat Gar Mat Sto Gar Used RIF Installer 1 | . . . . 1 . . . Robots Hacked . | . . . . . . . . Non-combat . | . . . . . . . . Combat . | . . . . . . . . Robot Hacks Applied . | . . . . . . . . Relay Couplers Released 8 | . . . . 4 . . 4 Machine Destruction 8 | . . . . 4 . . 4 Attached 1 | . . . . . . . 1 Fabnet Peak Effective % . | . . . . . . . . Robots Rewired . | . . . . . . . . Allies Hacked . | . . . . . . . . Hacks Repelled . | . . . . . . . . Allies | -11 -10 -9 -8 -8 -8 -8 -8 -------- Run | Yrd Mat Mat Mat Gar Mat Sto Gar Total Allies . | . . . . . . . . Largest Group . | . . . . . . . . Highest-Rated Group . | . . . . . . . . Highest-Rated Ally . | . . . . . . . . Total Orders . | . . . . . . . . Ally Attacks . | . . . . . . . . Total Damage . | . . . . . . . . Kills . | . . . . . . . . Allies Corrupted . | . . . . . . . . Allies Melted . | . . . . . . . . Intel | -11 -10 -9 -8 -8 -8 -8 -8 ------- Run | Yrd Mat Mat Mat Gar Mat Sto Gar Active Infowar (turns) 2923 | 33 204 233 1044 176 948 283 2 Sensors 2791 | . 105 233 1044 176 948 283 2 Terrain 32 | 20 12 . . . . . . Seismic 100 | 13 87 . . . . . . Robot Analysis Total . | . . . . . . . . Derelict Logs Recovered . | . . . . . . . . Drone Launches . | . . . . . . . . Drone Recoveries . | . . . . . . . . Exploration | -11 -10 -9 -8 -8 -8 -8 -8 ------------- Run | Yrd Mat Mat Mat Gar Mat Sto Gar Turns Passed 6026 | 135 762 980 1184 1312 1153 283 217 Spaces Moved 2499 | 80 378 415 467 463 482 123 91 Core 14 | 14 . . . . . . . Treads 10 | . 10 . . . . . . Legs 213 | 66 147 . . . . . . Wheels 1762 | . 221 415 467 156 289 123 91 Hover 500 | . . . . 307 193 . . Flight . | . . . . . . . . Fastest Speed 50 | 50 120 140 113 128 120 145 145 Average Speed 159 | 107 138 142 127 239 155 145 164 Slowest Speed 320 | 120 320 215 145 292 232 145 245 Overloaded Moves . | . . . . . . . . Propulsion Burnouts . | . . . . . . . . Robots Hopped . | . . . . . . . . Potential Cave-ins 2 | . . . . . . 2 . Cave-ins Triggered . | . . . . . . . . Exploration Rate (%) 29 | 4 42 24 36 56 31 22 19 Regions Visited 7 Branch Regions 1 Pre-discovered Areas . | . . . . . . . . Known Exits Taken 4 | . . 1 1 . 1 1 . Unknown Exits Taken 2 | 1 1 . . . . . . Scrap Searched . | . . . . . . . . Spaces Dug 11 | . . 1 . . 2 8 . Terrain Destroyed 141 | 1 34 1 22 52 4 8 19 Melee . | . . . . . . . . Projectile 15 | 1 . 1 . 1 4 8 . AOE 126 | . 34 . 22 51 . . 19 Terrain Rammed . | . . . . . . . . Walls Destroyed . | . . . . . . . . Machines Disabled . | . . . . . . . . Actions | -11 -10 -9 -8 -8 -8 -8 -8 --------- Run | Yrd Mat Mat Mat Gar Mat Sto Gar Total 3831 | 110 506 662 960 565 736 166 126 Wait 585 | . 6 87 371 2 108 11 . Move 2493 | 79 377 414 466 462 481 123 91 Hop . | . . . . . . . . Pick Up 125 | 8 27 32 22 12 20 2 2 Fast Attach 15 | 7 1 . 2 1 2 . 2 Attach 38 | . 3 9 6 8 6 1 5 Detach . | . . . . . . . . Swap 87 | 2 13 14 16 13 18 2 9 Drop 84 | . 8 26 22 4 21 1 2 Fire 343 | 14 71 80 48 37 56 26 11 Melee 8 | . . . 7 . . . 1 Ram . | . . . . . . . . Kick . | . . . . . . . . Crush . | . . . . . . . . Escape Stasis 22 | . . . . 22 . . . Rewire . | . . . . . . . . Trap . | . . . . . . . . Miscellaneous 31 | . . . . 4 24 . 3 Route ------- -11/Scrapyard -10/Materials (discovered 2 exits: *Mat / [*Min]) -9/Materials -8/Materials (discovered 2 exits: [*Fac] / Gar) -8/Garrison (discovered 2 exits: *Mat x2) -8/Materials (discovered 2 exits: [*Fac] / *Sto) -8/Storage -8/Garrison History --------- Turn | Location | Event 2 | -11/Scrapyard | Met Revision 17 12 | -11/Scrapyard | Discovered new exit (range 16) 136 | -11/Scrapyard | Entered Materials 321 | -10/Materials | Build established: Mutant 474 | -10/Materials | Discovered new exit (range 15) 546 | -10/Materials | Discovered new exit (range 16) 554 | -10/Materials | Central database locked down 812 | -10/Materials | Core integrity fell below 50% 898 | -10/Materials | Entered another Materials area 898 | -9/Materials | Evolved 2 slots: Utility x2 1272 | -9/Materials | Build established: Scavenger-Mutant 1548 | -9/Materials | Discovered new exit (range 5) 1823 | -9/Materials | Identified exit to Materials 1878 | -9/Materials | Entered another Materials area 1878 | -8/Materials | Evolved 2 slots: Power x1, Propulsion x1 2690 | -8/Materials | Discovered new exit (range 13) 2902 | -8/Materials | Identified exit to Garrison 2943 | -8/Materials | Repaired Arm. Wheel 3062 | -8/Materials | Entered Garrison 3174 | -8/Garrison | Triggered checkpoint 3186 | -8/Garrison | Triggered checkpoint 3223 | -8/Garrison | Destroyed 9 combat bots 3226 | -8/Garrison | Lost 3 parts (1p1n1w) 3338 | -8/Garrison | Triggered checkpoint 3440 | -8/Garrison | Lost 5 parts (2p3n) 3468 | -8/Garrison | Discovered new exit (range 3) 3478 | -8/Garrison | Identified exit to Materials 3697 | -8/Garrison | Build established: Mutant 3859 | -8/Garrison | Discovered exit to Materials (range 12) 3883 | -8/Garrison | Installed Relay Interface Framework 4095 | -8/Garrison | Garrison Relay disabled 4374 | -8/Garrison | Entered Materials 4889 | -8/Materials | Core integrity fell below 50% 4938 | -8/Materials | Lost 6 parts (1p2n1u2w) 5280 | -8/Materials | Discovered new exit (range 10) 5523 | -8/Materials | Discovered new exit (range 4) 5525 | -8/Materials | Identified exit to Storage 5527 | -8/Materials | Entered Storage 5784 | -8/Storage | Garrison activated, responded to threat 5809 | -8/Storage | Identified exit to Garrison 5810 | -8/Storage | Entered Garrison 5838 | -8/Garrison | Triggered checkpoint 5847 | -8/Garrison | Core integrity fell below 20% 5893 | -8/Garrison | Garrison Relay disabled 5990 | -8/Garrison | Triggered checkpoint 5996 | -8/Garrison | Triggered checkpoint 6027 | -8/Garrison | System corruption reached 10% 6027 | -8/Garrison | Destroyed by P-60 Hacker with Shock Rifle Last Messages --------------- 05992_ G-47 Trooper unfolds itself. 05995_ System corrupted: Matter fused (-8). 05996_ Beams of light sweep through the air. An alarm sounds. 05998_ Arm. Wheel destroyed. 05998_ Hvy. Assault Rifle destroyed. 06004_ Deuterium Engine destroyed. 06011_ G-47 Trooper destroyed. 06012_ Pulse Rifle destroyed. 06012_ System corrupted by crushing effect (+5). 06018_ B-36 Bruiser destroyed. 06019_ Hvy. Rocket Launcher destroyed. 06019_ Slug penetrates P-60 Hacker. 06019_ Wheel destroyed. 06020_ The unstable cave ceiling collapses. 06023_ Hvy. Assault Rifle destroyed. 06024_ Nuclear Core destroyed. 06026_ Imp. Signal Interpreter destroyed. 06026_ Reactive Plating destroyed. 06026_ System corrupted by crushing effect (+2). 06026_ System corrupted by crushing effect (+1). Map ----- +----------------------------------------------------+ | ??????????????# #?????????????????????????????? | | ??????????????# ####?????????????????????????????? | | ??????????????# #????????????????????????????????? | | ??????????????# #????#####???????????????????????? | | ??????????????# #????# * #????????????#??????????? | | ??????????????# ###### ######### #??????????? | | ??????????????# / ^[ ! #??????????? | | ??????????????## !!######+#### #### ##??????????? | | ??????????????#" ! "#????????# #?????????????????? | | ??????????????#######????????# #???#####?????????? | | ?????????????????????????????# #???# #?????????? | | ???????????????????????????### ##### #?????????? | | ???????????????????????????# #?????????? | | ???????????????????????????# #?????????? | | ???????????????????????????# ##########?????????? | | ???????????????????????????# #??????????????????? | | ???????????????????????????# #??????????????????? | | ???????????????????????????# #??????????????????? | | ???????????????????????????# #??????????????????? | | ???????????????????????????# #??????????????????? | | ???????????????????????????# #??????????????????? | | ??????????###??????????????# #??????????????????? | | ??????????# ??????#####??# #??????????????????? | | ?????###### ### ## # #### #??????????????????? | | ?????# ## #??????????????????? | | ???? =%= b@ #??????????????????? | | ???? p /p=g #??????????????????? | | ?????# ## % # ######??????????????????? | | ??????????# ### ???????????????????????? | | ??????????? h "%?####???????????????????????? | | ?????????? "????????????????????????????? | | ?????????? ???????????????????????????? | | ????????? ???????????????????????????? | | ??????? ## ## ###??????????????????????????? | | ?????? ???# ?# #????????????????????????????? | | ????????? ?? ????????????????????????????? | | ???????? ?? ????????????????????????????? | | ???????? ?? ????????????????????????????? | | ????????###"???######????????????????????????????? | | ?????????????????????????????????????????????????? | | ?????????????????????????????????????????????????? | | ?????????????????????????????????????????????????? | | ?????????????????????????????????????????????????? | | ?????????????????????????????????????????????????? | | ?????????????????????????????????????????????????? | | ?????????????????????????????????????????????????? | | ?????????????????????????????????????????????????? | | ?????????????????????????????????????????????????? | | ?????????????????????????????????????????????????? | | ?????????????????????????????????????????????????? | +----------------------------------------------------+ Best States ------------- Heat Dissipation 45 Energy Generation 23 Energy Capacity 430 Matter Stores 300 Matter Capacity 300 Sight Range 16 Robot Scan Range 15 Terrain Scan Range 16 Terrain Scan Density 10 Additional Mass Support 9 Armor Coverage 300 Resistance: KI 20 Resistance: TH 10 Evasion (%) 55 Recoil Reduction 2 Offensive Hacking 10 Item Schematics ----------------- Hover Unit | -10/Materials | Hacked Weight Redist. System | -9/Materials | Hacked Robot Schematics ------------------ None Fabricated ------------ Nothing Repaired ---------- Arm. Wheel | 6% | -8/Materials Studied --------- None Alien Tech Used ----------------- None Achievements -------------- None Challenges ------------ None Game ------ Seed MakeshiftRecyclingDriver Manual? 0 Play Time 01:56:50 Cumulative 27.8 hours Start 2026.03.10 @ 19:04:40 End 2026.03.10 @ 21:48:41 Sessions 3 Manual Loads 0 Difficulty Rogue Special Mode None Game No. 25 Rogue 21 Adventurer 4 Explorer 0 Win Type - Total 0 Types 0/0/0/0/0/0/0/0/0/0 Lore% 12 Gallery% 18 Achievement% 20 Wizard Run 0 Options --------- Layout 0 ASCII 0 Keyboard 1 Movement Arrows Keybinds 0 Fullscreen 2 Font 32/CogWide Map View 78x50 Zoom Use 0% Tactical HUD 1 Map Filters NONE Filters NONE Steam 1 RUN: 4b839f0f-a301-40d9-8926-476a0fc9f0ac